 Dungeon Crawl Stone Soup version 0.25-a0-474-ga8a2ee3166 (webtiles) character file.

Game seed: 14252759573494971923, levelgen mode: deterministic

1187 Esekla the Thaumaturge (level 8, -2/41 HPs)
             Began as a Deep Elf Wizard on Feb 6, 2020.
             Was an Initiate of Ashenzari.
             Slain by an ogre
             ... wielding a +0 giant spiked club
              (24 damage)
             ... on level 6 of the Dungeon on Feb 7, 2020.
             The game lasted 00:48:12 (6052 turns).

Esekla the Thaumaturge (Deep Elf Wizard)            Turns: 6052, Time: 00:48:13

Health: -2/41      AC:  5    Str:  6    XL:     8   Next: 19%
Magic:  5/23       EV: 12    Int: 24    God:    Ashenzari [......]
Gold:   273        SH:  0    Dex: 13    Spells: 16/25 levels left

rFire    . . .     SeeInvis .   v - +2 dagger (venom)
rCold    . . .     Gourm    .   (no shield)
rNeg     + . .     Faith    .   y - +1 leather armour {rN+}
rPois    +         Spirit   .   b - +0 hat
rElec    .         Reflect  .   o - scarf {cloud immunity}
rCorr    .         Harm     .   h - +0 pair of gloves
MR       .....                  (no boots)
Stlth    ++........             (no amulet)
HPRegen  0.13/turn              s - ring of poison resistance
MPRegen  0.18/turn              (no ring)

@: no status effects
A: no striking features
a: Curse Item, Renounce Religion


You were on level 6 of the Dungeon.
You worshipped Ashenzari.
Ashenzari was noncommittal.
You were hungry.

You visited 2 branches of the dungeon, and saw 7 of its levels.

You collected 273 gold pieces.

Inventory:

Hand Weapons
 j - a +0 falchion
 l - a +0 short sword of freezing
 r - a +0 trident of protection
 v - a +2 dagger of venom (weapon)
Missiles
 E - 6 boomerangs of dispersal (quivered)
Armour
 a - a +0 robe
 b - a +0 hat (worn)
 h - a +0 pair of gloves (worn)
 o - a scarf of cloud immunity (worn)
 y - a +1 leather armour of positive energy (worn)
Jewellery
 q - an uncursed ring of flight
 s - a ring of poison resistance (left hand)
Wands
 B - a wand of flame (17)
Scrolls
 f - a scroll of fear {unknown}
 g - 2 scrolls of teleportation
 n - a scroll of remove curse
 u - a scroll of noise {unknown}
 w - a scroll of magic mapping {unknown}
 C - a scroll of amnesia {unknown}
Potions
 c - a potion of heal wounds
 e - a potion of berserk rage {unknown}
 i - 2 potions of curing {unknown}
 k - 2 potions of lignification
 m - 2 potions of haste
 p - 2 potions of cancellation {unknown}
 t - a potion of flight
 x - 2 potions of ambrosia
 z - a potion of agility {unknown}
 A - a potion of might {unknown}
 D - a potion of resistance {unknown}
Comestibles
 d - 18 rations


   Skills:
 + Level 2.0 Short Blades
 * Level 0.2 Armour
 + Level 3.6 Dodging
 - Level 3.1 Stealth
 * Level 9.2 Spellcasting
 + Level 3.1 Conjurations
   Level 1.1 Summonings
 + Level 3.0 Translocations
 * Level 2.8 Fire Magic
 * Level 3.2 Air Magic
 * Level 2.5 Poison Magic


You had 16 spell levels left.
You knew the following spells:

 Your Spells              Type           Power        Failure   Level  Hunger
a - Magic Dart            Conj           ####         2%          1    None
b - Blink                 Tloc           N/A          3%          2    None
c - Mephitic Cloud        Conj/Pois/Air  ####....     8%          3    None
f - Conjure Flame         Conj/Fire      ####....     8%          3    None

Your spell library contained the following spells:

 Spells                   Type           Power        Failure   Level  Hunger
 Call Imp                 Summ           ###.....     9%          2    None
 Slow                     Hex            ##......     14%         2    None


Dungeon Overview and Level Annotations

Branches:
Dungeon (6/15)             Temple (1/1) D:5

Altars:
Ashenzari
Elyvilon
Fedhas
Hepliaklqana
Kikubaaqudgha
Makhleb
Nemelex Xobeh
Okawaru
Qazlal
Ru
Sif Muna
Uskayaw
Vehumet
Wu Jian
Xom
Yredelemnul
Zin
The Shining One

Annotations:
D:5 1 runed translucent door, FRZBLD's ghost, novice TrMo


Message History

Confirm with . or Enter, or press ? or * to list all spells.
Aiming: Magic Dart (safe; 2% risk of failure)
Press: ? - help, Shift-Dir - straight line, f/p - ogre
Aim: an ogre, wielding a +0 giant spiked club (noxious fumes, lightly wounded, confused)
The magic dart hits the ogre.
The ogre is moderately wounded.
The ogre is engulfed in noxious fumes.
The ogre appears confused.
You hit the ogre.
The ogre is heavily wounded.
The ogre barely misses you.
You barely miss the ogre.
The ogre is heavily wounded.
The ogre barely misses you.
You hit the ogre.
The ogre is poisoned.
The ogre is heavily wounded.
You hit the ogre.
The ogre looks as sick as possible!
The ogre is severely wounded.
The ogre hits you with a +0 giant spiked club!!
Ouch! That really hurt!
You die...

#.#... . #....##
#. #...†.. ..
#....####)#
#....†....#
####...†.>...#
#####......#.#..#.
#...+......#.#.<#.
#@# #...#.........
#O###...#.##.#....
#Z○....).....+....
#########.####.$..
#.# #.?.. # .^...
..... .?.## ....#


You could see an ogre (confused) and a centaur skeleton.

Vanquished Creatures
  A phantom (D:4)
  3 ogres
  A centaur (D:5)
  A bullfrog (D:6)
  2 scorpions
  2 howler monkeys
  2 crimson imps (D:5)
  A hound (D:4)
  An orc priest (D:4)
  An iguana (D:5)
  2 orc wizards
  4 worker ants
  10 adders
  A shadow imp (D:5)
  An ooze (D:3)
  2 worms
  7 dart slugs
  2 leopard geckos
  21 orcs
  4 ball pythons
  4 giant cockroaches
  8 goblins
  7 hobgoblins
  10 jackals
  7 kobolds
  4 quokkas
  6 bats
  5 frilled lizards
  A leopard gecko skeleton (D:4)
  10 rats
131 creatures vanquished.

Notes
Turn   | Place    | Note
-------+----------+-------------------------------------------
     0 | D:1      | Esekla the Deep Elf Wizard began the quest for the Orb.
     0 | D:1      | Reached XP level 1. HP: 10/10 MP: 7/7
   324 | D:1      | Reached XP level 2. HP: 11/15 MP: 1/9
   328 | D:1      | Learned a level 2 spell: Blink
   386 | D:1      | Reached skill level 5 in Spellcasting
   833 | D:2      | Reached XP level 3. HP: 17/19 MP: 7/11
  1092 | D:2      | Learned a level 3 spell: Mephitic Cloud
  1096 | D:2      | Learned a level 3 spell: Conjure Flame
  1561 | D:3      | Reached XP level 4. HP: 24/24 MP: 4/13
  1725 | D:3      | Reached skill level 1 in Air Magic
  1810 | D:4      | Reached skill level 6 in Spellcasting
  1958 | D:3      | Reached XP level 5. HP: 28/28 MP: 3/16
  3666 | D:4      | Noticed an ogre
  3670 | D:4      | Noticed an ogre
  3679 | D:4      | Killed an ogre
  3679 | D:4      | Reached skill level 1 in Short Blades
  3679 | D:4      | Reached skill level 7 in Spellcasting
  3679 | D:4      | Reached skill level 1 in Fire Magic
  3679 | D:4      | Reached skill level 1 in Poison Magic
  3679 | D:4      | Reached XP level 6. HP: 21/32 MP: 5/18
  4369 | D:4      | Reached XP level 7. HP: 27/36 MP: 5/20
  4693 | D:5      | Entered Level 5 of the Dungeon
  4696 | D:5      | Reached skill level 8 in Spellcasting
  4831 | D:5      | Found a staircase to the Ecumenical Temple.
  4844 | Temple   | Entered the Ecumenical Temple
  4974 | Temple   | Became a worshipper of Ashenzari the Shackled
  5261 | D:4      | Reached XP level 8. HP: 19/41 MP: 20/22
  5709 | D:5      | Found a runed translucent door.
  5710 | D:5      | Noticed FRZBLD's ghost (novice TrMo)
  6028 | D:6      | Reached skill level 9 in Spellcasting
  6052 | D:6      | Slain by an ogre

Levels and vault maps discovered:
D:1:      minmay_arrival_diagonal_passages, layout_basic
D:2:      layout_basic, minmay_unequal
D:3:      layout_basic
D:4:      layout_rooms, serial_glass, glass_columns_a, glass_columns_a,
          glass_columns_a, glass_columns_a, glass_columns_b, glass_columns_b,
          glass_columns_a, glass_columns_c, glass_columns_b, glass_columns_a,
          glass_columns_c, glass_columns_a, glass_columns_a, glass_columns_b,
          first_ration
D:5:      layout_loops_ring, minmay_temple_entry_sparse_star,
          hellmonk_ghost_happy_afterlife, supply_closet_lemuel, sigmund_army
D:6:      layout_basic, uniq_duvessa
Temple:   dpeg_five_rooms_temple

Skill      XL: |  1  2  3  4  5  6  7  8 |
---------------+-------------------------+-----
Spellcasting   | 5 6 7 8 9 |  9.2
Conjurations   | 2 3 |  3.1
Air Magic      | 1 2 3 |  3.2
Stealth        | 3 |  3.1
Translocations | 2 3 |  3.0
Short Blades   | 1 2 |  2.0
Fire Magic     | 1 2 |  2.8
Poison Magic   | 1 2 |  2.5
Dodging        | 3 |  3.6
Armour         | |  0.2
Summonings     | |  1.1

Action                   |  1- 3 |  4- 6 |  7- 9 || total
-------------------------+-------+-------+-------++-------
Melee: Short sword       |    25 |    80 |       ||   105
       Trident           |       |     8 |       ||     8
       Dagger            |       |    10 |    90 ||   100
 Cast: Magic Dart        |    93 |   108 |    42 ||   243
       Mephitic Cloud    |       |    12 |    16 ||    28
       Blink             |       |     5 |     2 ||     7
       Conjure Flame     |       |     3 |     1 ||     4
  Use: Scroll            |       |     4 |     1 ||     5
 Stab: Sleeping          |     2 |     9 |     1 ||    12
       Confused          |       |     9 |     5 ||    14
  Eat: Chunk             |     1 |     9 |     5 ||    15
Armor: Robe              |     8 |    10 |    19 ||    37
       Leather armour    |       |       |     2 ||     2
Dodge: Dodged            |    36 |    56 |    73 ||   165

Table legend:
 A = Non-vault XP
 B = Vault XP
 C = Vault XP percentage of total XP
 D = Non-vault monster count
 E = Vault monster count
 F = Vault count percentage of total count
                 A         B        C        D         E       F
            +---------+---------+-------+---------+---------+-------
      Total |    1680 |      16 |   0.9 |     125 |       6 |   4.6
            +---------+---------+-------+---------+---------+-------
        D:1 |      34 |       0 |   0.0 |      16 |       0 |   0.0
        D:2 |      79 |       4 |   4.8 |      29 |       2 |   6.5
        D:3 |     209 |       0 |   0.0 |      30 |       0 |   0.0
        D:4 |     690 |       0 |   0.0 |      24 |       0 |   0.0
        D:5 |     471 |      12 |   2.5 |      21 |       4 |  16.0
        D:6 |     193 |       0 |   0.0 |       3 |       0 |   0.0
     Temple |       4 |       0 |   0.0 |       2 |       0 |   0.0
            +---------+---------+-------+---------+---------+-------
